AoeStats
← vladimirsuarez464

Arena

509744706Analyzed
1v1 RM · 5d ago on Sep 27, 2026· 37m 41s· 2 players
Game mode
Random Map
Map size
Tiny (2 player)
Population
200
Speed
Normal
Resources
Standard
Victory
Conquest
Starting age
Dark Age
Ending age
Imperial Age
RankedLock teamsTeams togetherTeam positionsShared explorationLock speedFull tech treeHidden civsTurbo modeCheats
Victory
Defeat
🇺🇸 Saracens · United States
835
+15
🇺🇾 Japanese · Uruguay
811
-39
vladimirsuarez464
10:44 Feudal Age
11:44 Double-Bit Axe
12:03 Horse Collar
14:55 Wheelbarrow
14:08 Loom
20:17 Gold Mining
21:32 Stone Mining
24:07 Castle Age
23:50 Scale Mail Armor
23:43 Fletching
28:09 Heavy Plow
28:23 Bow Saw
28:52 Gold Shaft Mining
28:59 Hand Cart
31:01 Pikeman
34:32 Chain Mail Armor
34:28 Forging
34:19 Padded Archer Armor
34:25 Scale Barding Armor
36:22 Arson
36:38 Squires
36:23 Gambesons
35:59 Man-at-Arms
ta7anon
9:49 Feudal Age
12:06 Double-Bit Axe
12:08 Horse Collar
17:20 Castle Age
16:00 Stone Mining
18:44 Bow Saw
22:10 Husbandry
24:13 Bloodlines
24:15 Scale Barding Armor
25:09 Forging
27:50 Iron Casting
30:00 Wheelbarrow
29:12 Town Watch
29:51 Chain Barding Armor
34:58 Imperial Age
34:35 Hand Cart
34:25 Town Patrol
34:37 Heavy Plow
34:54 Herbal Medicine
36:07 Conscription
36:57 Elite Mameluke
Connection lost

Rejoining the realm…

Still unreachable

The connection could not be restored.

Session expired

The server has moved on; the page needs a fresh start.